Map: Stargazers

Players

Timorus - Winner!

  • Race: Terran Terran
  • Spawn Location: 11:00

Gerald

  • Race: Protoss Protoss
  • Spawn Location: 1:00

Event: DreamHack SC2 Masters 2022 Atlanta (Offline)

VOD

Have the link to the VOD?

Description

Time

  • Played on: Nov. 18, 2022, 10:08 a.m.
  • Length: 4:40

All games in this series

Show
View Real Time Build Order
Export as new Build Order

Timorus Terran - Winner!

Build Orders:  

Get SALT Encoding   

  12  0:00  SCV  
  13  0:12  SCV  
  14  0:17  Supply Depot  
  14  0:25  SCV  
  15  0:38  SCV  
  15  0:40  Barracks  
  16  0:46  Supply Depot  
  16  0:50  SCV  
  17  1:03  SCV  
  18  1:04  Barracks  
  18  1:17  SCV  
  19  1:27  Marine  
  19  1:29  Orbital Command  
  19  1:32  Barracks  
  20  1:41  Barracks  
  20  1:45  Marine  
  21  1:52  Marine  
  22  1:55  SCV  
  22  2:01  Barracks  
  23  2:06  Marine  
  24  2:10  Marine  
  24  2:13  SCV  
  26  2:18  Supply Depot  
  26  2:21  Marine  
  27  2:23  Marine  
  27  2:25  SCV  
  27  2:28  Marine  
  27  2:29  Marine  
  31  2:39  Marine  
  31  2:41  Marine  
  33  2:46  Marine  
  33  2:47  Marine  
  33  2:49  Marine  
  36  2:57  Marine  
  37  2:59  Marine  
  37  3:04  Marine  
  39  3:23  Marine  
  39  3:24  Marine  
  39  3:33  Marine  
  39  3:35  SCV  
  39  3:36  Marine  
  39  3:44  Marine x2  
  39  3:46  Marine  
  39  3:52  Marine  
  39  3:55  Marine  
  35  4:01  Marine  
  33  4:03  Marine  
  33  4:05  Marine  
  32  4:21  Marine  
Show
View Real Time Build Order
Export as new Build Order

Gerald Protoss 

Build Orders: 1 Gate Expand 

Get SALT Encoding   

  12  0:00  Probe  
  13  0:12  Probe  
  14  0:19  Pylon  
  14  0:24  Probe (Chrono Boost)  
  15  0:37  Gateway  
  15  0:38  Probe (Chrono Boost)  
  16  0:44  Probe (Chrono Boost)  
  16  0:46  Assimilator  
  17  0:53  Probe  
  18  1:05  Probe  
  19  1:17  Probe  
  20  1:23  Nexus  
  20  1:30  Probe  
  21  1:36  Cybernetics Core  
  21  1:40  Assimilator  
  21  1:43  Probe  
  22  1:55  Probe  
  22  1:56  Pylon  
  23  2:13  Sentry (Chrono Boost)  
  23  2:14  Probe  
  26  2:17  Warp Gate (Chrono Boost)  
  26  2:26  Probe  
  27  2:30  Stalker (Chrono Boost)  
  27  2:35  Probe  
  30  2:38  Probe  
  31  2:48  Probe  
  31  2:50  Probe  
  33  2:51  Shield Battery  
  33  2:58  Stalker (Chrono Boost)  
  33  3:00  Probe  
  33  3:03  Probe, Gateway  
  36  3:12  Probe  
  37  3:15  Probe, Gateway  
  38  3:24  Probe  
  35  3:27  Probe  
  35  3:29  Shield Battery  
  36  3:36  Probe  
  32  3:51  Probe  
  32  3:52  Probe  
  21  4:04  Stalker  
  21  4:06  Probe  
  12  4:28  Probe x2  
  12  4:29  Pylon  
Tags
 
Add a new tag
Caveats
  • Supply blocks, unpowered buildings, or Contaminate may cause inaccurate times.
  • Supply counts are checked every 10 seconds.